 Dungeon Sprint DCSS version 0.29.1-12-g30fa7ad0bf (webtiles) character file.

Game seed: 6831816860707572580

403 112233 the Fighter (level 6, -1/57 HPs)
             Began as a Demonspawn Monk on Dec 25, 2022.
             Was a Believer of Jiyva.
             Slain by a troll (3 damage)
             ... in the Dungeon (Sprint IX: "|||||||||||||||||||||||||||||").
             The game lasted 00:02:13 (584 turns).

112233 the Fighter (Demonspawn Monk)                 Turns: 584, Time: 00:02:14

Health: -1/57      AC: 12    Str: 14    XL:     6   Next: 55%
Magic:  6/6        EV:  9    Int: 11    God:    Jiyva [**....]
Gold:   0          SH:  0    Dex: 15    Spells: 5/5 levels left

rFire   . . .      SeeInvis .   a - +0 falchion
rCold   . . .      Faith    .   (no shield)
rNeg    . . .      Spirit   .   n - +1 chain mail
rPois   .          Reflect  .   m - +0 helmet
rElec   .          Harm     .   (no cloak)
rCorr   +          Rampage  .   (no gloves)
Will    .....      NoTele   +   l - +0 pair of boots
Stlth   ..........              (no amulet)
HPRegen 1.15/turn               (no ring)
MPRegen 0.40/turn               (no ring)

@: hasted, very quick
A: claws 2, powered by death 1
a: Renounce Religion


You were in the Dungeon.
You worshipped Jiyva.
Jiyva was pleased with you.
You visited 1 branch

Inventory:

Hand Weapons
 a - a +0 falchion (weapon)
Armour
 b - a +0 robe
 l - a +0 pair of boots (worn)
 m - a +0 helmet (worn)
 n - a +1 chain mail (worn)
Jewellery
 o - a +3 ring of strength
 p - a +3 ring of strength
Wands
 k - a wand of acid (9)
Scrolls
 i - a scroll of blinking
 j - 2 scrolls of amnesia
Potions
 c - a potion of ambrosia
 g - 4 potions of magic


   Skills:
 + Level 8.3 Fighting
 + Level 7.6 Long Blades
 + Level 4.1 Armour
 + Level 7.6 Dodging
 - Level 1.8 Stealth


You had 5 spell levels left.
You didn't know any spells.
Your spell library was empty.

Dungeon Overview and Level Annotations

Branches:
Dungeon (1/1)

Altars:
Cheibriados
Dithmenos
Fedhas
Gozag
Hepliaklqana
Kikubaaqudgha
Makhleb
Nemelex Xobeh
Okawaru
Qazlal
Ru
Sif Muna
Trog
Uskayaw
Vehumet
Wu Jian
Xom
Yredelemnul
Jiyva
Lugonu


Innate Abilities, Weirdness & Mutations

You have very sharp fingernails.
You regenerate a little health from kills.


Message History

You close the door.
You hear a distant slurping noise.
You feel yourself speed up.
You hear a distant slurping noise.
You hear a squelching noise.
You hear a distant slurping noise.
A troll opens the door.
You barely miss the troll.
You hear a distant slurping noise.
You slash the troll!
The troll is moderately wounded.
The troll bites you! The troll claws you!
The troll claws you but does no damage.
You closely miss the troll. You claw the troll.
The troll is moderately wounded.
The troll bites you but does no damage. The troll claws you.
The troll claws you but does no damage.
You hit the troll.
The troll is moderately wounded.
You hit the troll.
The troll is moderately wounded.
The troll bites you but does no damage. The troll claws you.
The troll claws you but does no damage.
You closely miss the troll.
The troll is moderately wounded.
You closely miss the troll.
The troll is moderately wounded.
The troll barely misses you. The troll claws you! The troll claws you.
You closely miss the troll.
The troll is moderately wounded.
You hit the troll.
The troll is heavily wounded.
The troll bites you!
* * * LOW HITPOINT WARNING * * *
The troll closely misses you. The troll claws you but does no damage.
You hit the troll. Your claw misses the troll.
The troll is heavily wounded.
The troll bites you!
* * * LOW HITPOINT WARNING * * *
The troll claws you.
You die... ▓▓▓▓▓▓▓▓▓▓▓▓▓▓▓▓▓▓▓▓▓ ▓<..@T)....')÷.T.'___ ▓▓▓▓▓▓▓▓▓▓▓▓▓▓▓▓▓▓▓▓▓

You could see a troll.

Vanquished Creatures
  A yak (D)
  A phantom (D)
  A kobold brigand (D)
  A gnoll sergeant (D)
  A killer bee (D)
  A howler monkey (D)
  An iguana (D)
  An adder (D)
  An orc (D)
  A ball python (D)
  A quokka (D)
  A frilled lizard (D)
  A kobold (D)
  A rat (D)
14 creatures vanquished.

Vanquished Creatures (others)
  A great orb of eyes (D)
1 creature vanquished.

Grand Total: 15 creatures vanquished

Notes
Turn   | Place    | Note
-------+----------+-------------------------------------------
     0 | D        | 112233 the Demonspawn Monk began the quest for the Orb.
     0 | D        | Reached XP level 1. HP: 18/18 MP: 1/1
   168 | D        | Noticed a howler monkey
   168 | D        | Noticed an iguana
   168 | D        | Noticed a phantom
   180 | D        | Killed a howler monkey
   181 | D        | Reached skill level 4 in Fighting
   181 | D        | Gained mutation: You have sharp fingernails. [demonic
                  | ancestry]
   181 | D        | Reached XP level 2. HP: 26/26 MP: 2/2
   181 | D        | Gained mutation: You regenerate a little health from kills.
                  | [demonic ancestry]
   181 | D        | Reached XP level 3. HP: 32/32 MP: 3/3
   191 | D        | Reached skill level 5 in Fighting
   191 | D        | Reached skill level 5 in Long Blades
   191 | D        | Reached skill level 5 in Dodging
   191 | D        | Reached XP level 4. HP: 39/39 MP: 4/4
   195 | D        | Killed a phantom
   196 | D        | Reached skill level 6 in Fighting
   196 | D        | Gained mutation: You have very sharp fingernails. [demonic
                  | ancestry]
   196 | D        | Reached XP level 5. HP: 47/47 MP: 5/5
   294 | D        | Found a snail-covered altar of Cheibriados.
   294 | D        | Found a shadowy altar of Dithmenos.
   294 | D        | Found a blossoming altar of Fedhas.
   294 | D        | Found an opulent altar of Gozag.
   295 | D        | Found a hazy altar of Hepliaklqana.
   296 | D        | Found a viscous altar of Jiyva.
   297 | D        | Found an ancient bone altar of Kikubaaqudgha.
   298 | D        | Found a corrupted altar of Lugonu.
   299 | D        | Found a burning altar of Makhleb.
   300 | D        | Found a sparkling altar of Nemelex Xobeh.
   301 | D        | Found an iron altar of Okawaru.
   302 | D        | Found a stormy altar of Qazlal.
   303 | D        | Found a sacrificial altar of Ru.
   304 | D        | Found a shimmering blue altar of Sif Muna.
   305 | D        | Found a bloodstained altar of Trog.
   306 | D        | Found a hide-covered altar of Uskayaw.
   307 | D        | Found a radiant altar of Vehumet.
   308 | D        | Found an ornate altar of the Wu Jian Council.
   309 | D        | Found a shimmering altar of Xom.
   310 | D        | Found a basalt altar of Yredelemnul.
   332 | D        | Became a worshipper of Jiyva Jutsuo the Shapeless
   332 | D        | Reached * piety under Jiyva
   332 | D        | Reached ** piety under Jiyva
   335 | D        | Killed a great orb of eyes
   448 | D        | Noticed a yak
   448 | D        | Noticed a troll
   448 | D        | Noticed a vampire mosquito
   454 | D        | Reached skill level 7 in Fighting
   454 | D        | Reached skill level 1 in Armour
   467 | D        | Killed a yak
   468 | D        | Reached XP level 6. HP: 44/55 MP: 6/6
   476 | D        | Reached skill level 8 in Fighting
   584 | D        | HP: 2/57 [troll (8)]
   584 | D        | Slain by a troll

Illustrated notes

Levels and vault maps discovered:
D:        linesprint [early_d, line_temple, items_1, d_10, items_2, lair_1,
          lair_end, items_3, orc_1, orc_end, items_4, d_15, swamp_1, shoals_1,
          snake_1, spider_1, d_20, vaults_1, items_5, swamp_end, shoals_end,
          snake_end, spider_end, vaults_end, d_27, items_6, zot_1, zot_end,
          crypt_end, forest_end, elf_end, slime_end, tomb_end, abyss_end,
          pan_hell_end]

Skill      XL: |  1  2  3  4  5  6 |
---------------+-------------------+-----
Long Blades    | 4 5 6 7 |  7.6
Dodging        | 4 5 6 7 |  7.6
Fighting       | 4 5 6 7 8 |  8.3
Armour         | 2 4 |  4.1
Stealth        | |  1.8

Action                   |  1- 3 |  4- 6 || total
-------------------------+-------+-------++-------
Melee: Falchion          |    38 |    83 ||   121
       Punch             |       |     1 ||     1
Evoke: Wand              |       |     1 ||     1
  Use: Potion            |     3 |     8 ||    11
       Scroll            |       |     1 ||     1
 Stab: Invisible         |       |     7 ||     7
Armor: Robe              |     3 |     1 ||     4
       Chain mail        |       |    28 ||    28
Dodge: Dodged            |    20 |    36 ||    56
